 Dungeon Crawl Stone Soup version 0.16.2-12-gd0ad4c3 (webtiles) character file.

26 faibistes the Magician (level 2, -3/15 HPs)
             Began as a Deep Elf Wizard on Feb 14, 2019.
             Shot with a stone by a goblin (4 damage)
             ... led by Robin
             ... on level 2 of the Dungeon.
             The game lasted 00:02:18 (1138 turns).

faibistes the Magician (Deep Elf Wizard)            Turns: 1138, Time: 00:02:18

Health: -3/15      AC:  2    Str:  4    XL:     2   Next: 89%
Magic:  5/11       EV: 13    Int: 22    God:
Gold:   30         SH:  0    Dex: 13    Spells: 3 memorised, 6 levels left

rFire  . . .     SeeInvis .     m - +0 dagger
rCold  . . .     Clarity  .     a - +0 robe
rNeg   . . .     SustAb   .     (no shield)
rPois  .         Gourm    .     b - +0 hat
rElec  .         Spirit   .     (no cloak)
rCorr  .         Warding  .     (no gloves)
rMut   .         Stasis   .     (no boots)
MR     .....                    (no amulet)
Stlth  ++........               (no ring)
                                (no ring)

@: not resistant to hostile enchantments, unstealthy
A: no striking features
a: no special abilities


You were on level 2 of the Dungeon.
You were not hungry.

You visited 1 branch of the dungeon, and saw 3 of its levels.

You collected 30 gold pieces.

Inventory:

Hand weapons
 m - a +0 dagger (weapon)
Armour
 a - a +0 robe (worn)
 b - a +0 hat (worn)
Scrolls
 g - 2 scrolls of enchant armour {unknown}
 i - a scroll of fog {unknown}
 j - a scroll of amnesia {unknown}
Potions
 e - 2 potions of brilliance {unknown}
 h - 2 potions of curing {unknown}
 l - a potion of ambrosia {unknown}
Books
 c - a book of Minor Magic

   Spells                             Type                      Level
   a - Magic Dart                     Conjuration                  1
   b - Blink                          Translocation                2
   c - Call Imp                       Summoning                    2
   d - Repel Missiles                 Charms/Air                   2
   e - Slow                           Hexes                        2
   f - Conjure Flame                  Conjuration/Fire             3
   g - Mephitic Cloud                 Conjuration/Poison/Air       3
Comestibles
 d - a bread ration
 k - a meat ration


   Skills:
 + Level 2.8 Dodging
 - Level 2.4 Stealth
 * Level 5.1 Spellcasting
 * Level 2.0 Conjurations
 - Level 1.1 Summonings
 - Level 1.1 Translocations


You had 6 spell levels left.
You knew the following spells:

 Your Spells              Type           Power        Failure   Level  Hunger
a - Magic Dart            Conj           ##..         6%          1    None
c - Call Imp              Summ           ##......     12%         2    None
d - Blink                 Tloc           N/A          12%         2    None


Dungeon Overview and Level Annotations

Branches:
Dungeon (3/15)

Altars:

Annotations:
D:2 Robin


Message History

Robin roars a battlecry!
The goblins go into a battle-frenzy!
The hobgoblin hits you but does no damage. x2
The hobgoblin hits you. x2
There is a stone staircase leading up, spattered with blood here.
Casting: Magic Dart
Confirm with . or Enter, or press ? or * to list all spells.
You blink.
The goblin wields a hunting sling.
The goblin shoots a stone.
The stone barely misses you.
Casting: Blink
Confirm with . or Enter, or press ? or * to list all spells.
A beastly little devil appears in a puff of flame.
The hobgoblin hits you with a club.
* * * LOW HITPOINT WARNING * * *
The hobgoblin hits your crimson imp with a club.
Unknown command.
Casting: Call Imp
Confirm with . or Enter, or press ? or * to list all spells.
You blink.
The goblin shoots a stone.
The stone hits you.
You die...

########
##......##
##.(......##
#...5gg<...#
#...§g.†...#
#....g.....#
#....g.g...#
#....g.....#
##.....@..##
##........##
#..........####
######
#..............
#...<.
#..........###.
#÷....
#..........#
#.......
#..).......#
###.....
##........##
#.....
##......##
#.....


You could see Robin, 5 hobgoblins, a goblin (frenzied) and a friendly crimson
imp.

Vanquished Creatures
  4 bats
  8 goblins
  2 hobgoblins (D:1)
  2 giant cockroaches (D:1)
  3 giant newts
  3 jackals (D:1)
  2 kobolds (D:1)
  2 rats
26 creatures vanquished.

Vanquished Creatures (collateral kills)
  A jackal (D:1)
1 creature vanquished.

Grand Total: 27 creatures vanquished

Notes
Turn   | Place    | Note
--------------------------------------------------------------
     0 | D:1      | faibistes, the Deep Elf Wizard, began the quest for the Orb.
     0 | D:1      | Reached XP level 1. HP: 10/10 MP: 6/6
   461 | D:1      | Reached XP level 2. HP: 15/15 MP: 5/10
   507 | D:1      | Learned a level 2 spell: Blink
   510 | D:1      | Learned a level 2 spell: Call Imp
   954 | D:2      | Reached skill level 5 in Spellcasting
   959 | D:2      | Noticed Robin
  1138 | D:2      | Shot with a stone by a goblin

Action                   || total
-------------------------++-------
 Cast: Magic Dart        ||    52
       Call Imp          ||     3
       Blink             ||     2
  Eat: Chunk             ||     1
